AoeStats
← Alex jr

Nomad

509197285Analyzed
3v3 RM · 6d ago on Sep 25, 2026· 50m 1s· 6 players
Game mode
Random Map
Map size
210×210
Population
200
Speed
Normal
Resources
Standard
Victory
Conquest
Starting age
Dark Age
Ending age
Imperial Age
RankedLock teamsTeams togetherTeam positionsShared explorationLock speedFull tech treeHidden civsTurbo modeCheats
Victory
Defeat
🇧🇷 Dravidians · Brazil
1389
+13
🇧🇷 Varangians · Brazil
1362
+14
🇧🇷 Persians · Brazil
1313
+16
🇮🇹 Varangians · Italy
1357
-16
🇪🇸 Ethiopians · Spain
1338
-15
🇪🇸 Malay · Spain
1253
-12
Shail
10:56 Loom
13:16 Feudal Age
15:44 Double-Bit Axe
22:54 Castle Age
22:45 Medium Warships
24:47 Squires
25:11 Bow Saw
25:20 Fishing Lines
29:38 Crossbowman
30:11 Fletching
34:20 Ballistics
34:03 Elite Skirmisher
39:54 Bodkin Arrow
39:59 Padded Archer Armor
46:29 Forging
49:57 Imperial Age
48:52 Wheelbarrow
48:57 Iron Casting
48:06 Treadmill Crane
50:04 Conscription
Janez
6:03 Loom
15:36 Feudal Age
16:05 Double-Bit Axe
16:15 Fishing Lines
18:07 Town Watch
19:08 Fletching
22:51 Castle Age
21:56 Gold Mining
23:49 Medium Warships
23:45 Bodkin Arrow
24:27 Bow Saw
26:04 Wheelbarrow
26:41 Gillnets
28:16 Hand Cart
28:59 Stone Mining
32:05 Imperial Age
30:30 Careening
31:39 Stone Shaft Mining
31:51 Ballistics
31:48 Clinker Construction
32:19 Elite Longship
34:09 Chemistry
33:47 Heavy Warships
36:45 Two-Man Saw
36:52 Town Patrol
40:50 Conscription
44:02 Scale Barding Armor
44:00 Bracer
44:10 Forging
44:06 Scale Barding Armor
44:28 Carvel Hull
44:30 Dry Dock
47:01 Siege Engineers
47:08 Masonry
46:39 Treadmill Crane
MPW_SCRaTCH
4:55 Loom
12:29 Feudal Age
13:04 Town Watch
16:50 Castle Age
22:58 Fletching
24:05 Forging
25:56 Scale Mail Armor
29:58 Double-Bit Axe
31:49 Horse Collar
38:54 Imperial Age
37:37 Iron Casting
37:06 Squires
36:53 Arson
40:42 Blast Furnace
44:47 Conscription
44:54 Bow Saw
44:45 Heavy Plow
45:59 Chain Mail Armor
47:24 Plate Mail Armor
49:05 Royal Heirs
Alex jr
4:25 Loom
13:02 Feudal Age
20:01 Castle Age
19:11 Double-Bit Axe
21:15 Bow Saw
22:48 Fletching
29:03 Wheelbarrow
34:25 Imperial Age
32:35 Scale Barding Armor
33:15 Bloodlines
33:05 Husbandry
34:06 Chain Barding Armor
36:05 Chemistry
36:29 Plate Barding Armor
36:30 Conscription
36:37 Forging
36:41 Bodkin Arrow
37:52 Hoardings
37:18 Cavalier
38:52 Iron Casting
39:29 Two-Man Saw
38:47 Hand Cart
40:04 Elite Skirmisher
41:51 Padded Archer Armor
42:14 Ballistics
48:05 Leather Archer Armor
50:26 Ring Archer Armor
Dudu
5:49 Loom
13:43 Feudal Age
14:09 Double-Bit Axe
22:48 Castle Age
24:05 Medium Warships
26:42 Bow Saw
28:46 Gold Mining
29:16 Fletching
30:09 Ballistics
30:22 Bodkin Arrow
30:29 Padded Archer Armor
31:26 Clinker Construction
31:30 Careening
31:33 Clinker Construction
37:25 Wheelbarrow
41:58 Imperial Age
39:45 Scale Mail Armor
39:56 Forging
39:33 Gambesons
39:49 Squires
39:34 Arson
41:18 Chain Mail Armor
42:28 Iron Casting
42:04 Thumb Ring
42:01 Husbandry
42:05 Elite Urumi Swordsman
43:09 Conscription
43:11 Wootz Steel
43:24 Plate Mail Armor
42:22 Elite Elephant Archer
45:14 Hand Cart
47:14 Blast Furnace
49:02 Chemistry
incolor
5:38 Loom
13:56 Feudal Age
14:30 Double-Bit Axe
14:57 Town Watch
15:52 Fletching
27:15 Castle Age
28:45 Horse Collar
29:48 Bow Saw
33:10 Gold Mining
36:38 Bodkin Arrow
37:58 Padded Archer Armor
42:26 Imperial Age
41:04 Ballistics
43:27 Wheelbarrow
43:07 Leather Archer Armor
42:35 Elite Longship
45:14 Chemistry
45:14 Bracer
46:25 Careening
46:24 Fishing Lines
47:08 Clinker Construction
49:15 Dry Dock
49:42 Carvel Hull
Connection lost

Rejoining the realm…

Still unreachable

The connection could not be restored.

Session expired

The server has moved on; the page needs a fresh start.